 Dungeon Crawl Stone Soup version 0.31-a0-188-g5e087ee2ca (webtiles) character file.

Game seed: 17382839621051558297

20 qw the Shooter (level 2, 0/16 HPs)
             Began as a Deep Elf Hunter on June 23, 2023.
             Succumbed to their own poison gas
             ... on level 1 of the Dungeon.
             The game lasted 00:00:15 (697 turns).

qw the Shooter (Deep Elf Hunter)                     Turns: 697, Time: 00:00:15

Health: 0/16       AC:  4    Str:  8    XL:     2   Next: 58%
Magic:  4/4        EV: 12    Int: 13    God:
Gold:   26         SH:  0    Dex: 18    Spells: 1/1 levels left

rFire   . . .        Y - +0 shortbow
rCold   . . .        (shield currently unavailable)
rNeg    . . .        c - +0 leather armour
rPois   .            (no helmet)
rElec   .            h - +0 cloak
rCorr   .            (no gloves)
SInv    .            (no boots)
Will    .....        (no amulet)
Stlth   ++           (no ring)
HPRegen 0.22/turn    (no ring)
MPRegen 0.09/turn

%: no passive effects
@: mighty, lethally poisoned (0 -> -3)
A: no striking features
a: no special abilities


You were on level 1 of the Dungeon.
You visited 1 branch of the dungeon, and saw 1 of its levels.

You collected 26 gold pieces.


   Skills:
 - Level 1.5 Fighting
 + Level 6.3 Ranged Weapons
 - Level 2.4 Dodging
 - Level 1.2 Stealth


You had one spell level left.
You didn't know any spells.
Your spell library was empty.

Inventory:

Hand Weapons
 Y - a +0 shortbow (weapon)
Armour
 c - a +0 leather armour (worn)
 h - a +0 cloak (worn)
Potions
 e - a potion of might
 f - a potion of curing {unknown}
 i - a potion of heal wounds
 j - a potion of mutation {unknown}

Dungeon Overview and Level Annotations

Branches:
Dungeon (1/15)

Altars:

Shops:
D:1 !***


Message History

It was a potion of might.
You feel very mighty all of a sudden.
Done exploring.
688 ||| DRINKING 2 fuming sapphire potions.
It was a potion of heal wounds.
You feel much better.
Done exploring.
689 ||| DROPPING scroll of butterflies.
You drop a scroll of butterflies.
Done exploring.
(D) Dungeon
Where to? (* - list waypoints, ? - help)
What level of the Dungeon? (default 1, ? - help) Sorry, I don't know how to get there.
Enter note:
Enter note:
Enter note:
Enter note:
Enter note:
Enter note:
Enter note:
Enter note:
Enter note: Really walk into that cloud of poison gas?
You are engulfed in poison gas.
You are lethally poisoned!
You feel very sick.
691 ||| Stepping ~*~*~tactically~*~*~ (cloud).
You feel very sick.
You see here a scroll of butterflies.
There is a lethal amount of poison in your body!
You feel very sick.
There is a lethal amount of poison in your body!
You feel sick.
There is a lethal amount of poison in your body!
You feel sick.
There is a lethal amount of poison in your body!
You feel sick.
There is a lethal amount of poison in your body!
You feel sick.
There is a lethal amount of poison in your body!
You die...

#.'........#.# #.##
#.#........#.# #.##
#.#........#.###.##
#.#....(...#.......
##.#..[.....#.#.#...
#..#........'.#.####
#¤.#........#...#
#¤0##########.#.#
#00@0¤000¤¤...#.#
#¤0000¤0¤0¤.....#
#################


There were no monsters in sight!

Vanquished Creatures
  5 endoplasms (D:1)
  A goblin (D:1)
  4 jackals (D:1)
  2 quokkas (D:1)
  A bat (D:1)
  A frilled lizard (D:1)
  3 kobolds (D:1)
17 creatures vanquished.

Notes
Turn   | Place    | Note
-------+----------+-------------------------------------------
     0 | D:1      | qw the Deep Elf Hunter began the quest for the Orb.
     0 | D:1      | Reached XP level 1. HP: 12/12 MP: 3/3
     0 | D:1      | 0 ||| qw: Version: 0.3-a-9-g12657ce
     0 | D:1      | 0 ||| qw: Game counter: 3361
     0 | D:1      | 0 ||| qw: Always use a shield: true
     0 | D:1      | 0 ||| qw: God list: Okawaru
     0 | D:1      | 0 ||| qw: Allow faded altars: false
     0 | D:1      | 0 ||| qw: Do Orc after D:15 true
     0 | D:1      | 0 ||| qw: Do second Lair branch before Depths: true
     0 | D:1      | 0 ||| qw: Lair rune preference: random
     0 | D:1      | 0 ||| qw: Plans: Normal
     0 | D:1      | 0 ||| PLANNING D:1-11
    74 | D:1      | Found Ukotson's Assorted Antiques.
    79 | D:1      | 79 ||| SHOPLISTING 2 smoky black potions (36 gold, have 0).
    79 | D:1      | 79 ||| SHOPLISTING purple potion (18 gold, have 0).
    79 | D:1      | 79 ||| SHOPLISTING scale mail (80 gold, have 0).
    79 | D:1      | 79 ||| SHOPLISTING scroll labelled EMPATHR MIUSH (20 gold,
                  | have 0).
    79 | D:1      | 79 ||| SHOPLISTING scroll labelled VANOSAS DOETU (20 gold,
                  | have 0).
    79 | D:1      | 79 ||| SHOPLISTING sedimented sapphire potion (18 gold,
                  | have 0).
   169 | D:1      | Reached skill level 6 in Ranged Weapons
   169 | D:1      | Reached XP level 2. HP: 11/16 MP: 4/4
   306 | D:1      | Found Keorynoe's General Store.
   312 | D:1      | 312 ||| SHOPLISTING potion of mutation (80 gold, have 0).
   312 | D:1      | 312 ||| SHOPLISTING scroll of acquirement (520 gold, have
                  | 0).
   312 | D:1      | 312 ||| SHOPLISTING scroll of identify (20 gold, have 0).
   337 | D:1      | Found Kuaphyiz's Distillery.
   349 | D:1      | 349 ||| SHOPLISTING 2 potions of curing (84 gold, have 0).
   349 | D:1      | 349 ||| SHOPLISTING potion of haste (140 gold, have 0).
   349 | D:1      | 349 ||| SHOPLISTING potion of heal wounds (70 gold, have
                  | 0).
   483 | D:1      | Found Kasargh's Assorted Antiques.
   497 | D:1      | 497 ||| SHOPLISTING grey potion (27 gold, have 26).
   497 | D:1      | 497 ||| SHOPLISTING pair of boots (139 gold, have 26).
   497 | D:1      | 497 ||| SHOPLISTING runed helmet (232 gold, have 26).
   497 | D:1      | 497 ||| SHOPLISTING scroll labelled AHO FUOTEMEC (31 gold,
                  | have 26).
   497 | D:1      | 497 ||| SHOPLISTING scroll labelled EMPATHR MIUSH (31 gold,
                  | have 26).
   497 | D:1      | 497 ||| SHOPLISTING scroll labelled KOIP IZOBUACW (31 gold,
                  | have 26).
   497 | D:1      | 497 ||| SHOPLISTING scroll labelled RUGOTU IFEULE (31 gold,
                  | have 26).
   680 | D:1      | 680 ||| UPGRADING to +0 cloak.
   685 | D:1      | 685 ||| READING scroll labelled RUGOTU IFEULE.
   686 | D:1      | 686 ||| READING scroll labelled EMPATHR MIUSH.
   687 | D:1      | 687 ||| DRINKING 2 lumpy sapphire potions.
   688 | D:1      | 688 ||| DRINKING 2 fuming sapphire potions.
   689 | D:1      | 689 ||| DROPPING scroll of butterflies.
   691 | D:1      | 691 ||| Stepping ~*~*~tactically~*~*~ (cloud).
   693 | D:1      | HP: 4/16 [poisoned by you (poison gas)]
   695 | D:1      | HP: 1/16 [poisoned by you (poison gas)]
   697 | D:1      | Succumbed to their own poison gas

Levels and vault maps discovered:
D:1:      shiori_arrival_elements, layout_loops_cross, serial_shops, shop, shop,
          nicolae_shop_industrial_runoff, nicolae_shop_statue_plus, minivault_25

Skill      XL: |  1 |
---------------+----+-----
Ranged Weapons | 6 |  6.3
Fighting       | |  1.5
Dodging        | |  2.4
Stealth        | |  1.2

Action                     || total
---------------------------++-------
   Fire: Shortbow          ||    43
    Use: Scroll            ||     2
         Potion            ||     2
 Armour: Leather armour    ||     8
  Dodge: Dodged            ||    11

Table legend:
 A = Non-vault XP
 B = Vault XP
 C = Vault XP percentage of total XP
 D = Non-vault monster count
 E = Vault monster count
 F = Vault count percentage of total count
                 A         B        C        D         E       F
            +---------+---------+-------+---------+---------+-------
      Total |      29 |       0 |   0.0 |      17 |       0 |   0.0
            +---------+---------+-------+---------+---------+-------
        D:1 |      29 |       0 |   0.0 |      17 |       0 |   0.0
            +---------+---------+-------+---------+---------+-------
